 Dungeon Crawl Stone Soup version 0.32-a0-22-g6ae6769602 (webtiles) character file.

Game seed: 10230165666741407016

1335 jlumianski the Ruffian (level 8, -11/61 HPs)
             Began as a Gnoll Shapeshifter on Jan 17, 2024.
             Killed from afar by a steam dragon (18 damage)
             ... with a ball of steam
             ... on level 6 of the Dungeon on Jan 19, 2024.
             The game lasted 00:23:28 (5755 turns).

jlumianski the Ruffian (Gnoll Shapeshifter)         Turns: 5755, Time: 00:23:29

Health: -11/61     AC:  7    Str: 15    XL:     8   Next: 61%
Magic:  13/13      EV: 12    Int: 11    God:
Gold:   267        SH:  0    Dex: 11    Spells: 14/14 levels left

rFire   . .          .
                       - Unarmed
rCold   + . .        (no shield)
rNeg    . . .        l - +2 ring mail {rC+}
rPois   .            (helmet currently unavailable)
rElec   .            (cloak currently unavailable)
rCorr   .            (gloves currently unavailable)
SInv    .            (boots currently unavailable)
Will    .....        (no amulet)
Stlth   ++           (no ring)
HPRegen 0.30/turn    (no ring)
MPRegen 0.13/turn

%: no passive effects
@: beast-form
A: beast (slay +4), fangs 1, strong nose, distributed training
a: Begin Untransformation


You were on level 6 of the Dungeon.
You were a hulking beast.
You visited 1 branch of the dungeon, and saw 6 of its levels.

You collected 371 gold pieces.
You spent 104 gold pieces at shops.

Inventory:

Hand Weapons
 w - a +4 dire flail of draining
Missiles
 x - 3 curare-tipped darts (quivered)
 y - 2 boomerangs
Armour
 a - a +0 animal skin
 g - a +0 buckler
 h - a +0 chain mail
 l - a +2 ring mail of cold resistance (worn)
Talismans
 c - a beast talisman
 d - a flux talisman
Wands
 n - a wand of polymorph (9)
Scrolls
 i - 3 scrolls of blinking
 k - a scroll of revelation
 p - a scroll of enchant weapon {unknown}
 q - a scroll of teleportation {unknown}
 r - a scroll of fear {unknown}
 t - a scroll of enchant armour {unknown}
Potions
 b - a potion of lignification
 e - 2 potions of curing
 f - a potion of invisibility
 j - 2 potions of might
 m - a potion of enlightenment
 o - a potion of berserk rage
 s - 3 potions of degeneration
 u - 2 potions of heal wounds
 v - a potion of haste {unknown}


   Skills:
 + Level 4.4 Fighting
 + Level 3.5 Short Blades
 + Level 3.5 Long Blades
 + Level 3.5 Axes
 + Level 3.5 Maces & Flails
 + Level 3.5 Polearms
 + Level 3.5 Staves
 + Level 3.5 Ranged Weapons
 + Level 3.5 Throwing
 + Level 3.5 Armour
 + Level 5.8 Dodging
 + Level 3.5 Stealth
 + Level 3.5 Shields
 + Level 7.5 Unarmed Combat
 + Level 3.5 Spellcasting
 + Level 2.9 Conjurations
 + Level 2.9 Hexes
 + Level 2.9 Summonings
 + Level 2.9 Necromancy
 + Level 2.9 Translocations
 + Level 2.9 Fire Magic
 + Level 2.9 Ice Magic
 + Level 2.9 Air Magic
 + Level 2.9 Earth Magic
 + Level 2.9 Alchemy
 + Level 3.9 Invocations
 + Level 3.5 Evocations
 + Level 7.3 Shapeshifting


You had 14 spell levels left.
You didn't know any spells.
Your spell library contained the following spells:

 Spells                   Type           Power      Damage    Failure   Level
 Sandblast                Erth           16%        2d6       14%         1
 Slow                     Hex            32%        N/A       14%         1
 Momentum Strike          Conj/Tloc      16%        3d8       22%         2
 Searing Ray              Conj           16%        2d5       22%         2
 Call Canine Familiar     Summ           8%         N/A       41%         3
 Confusing Touch          Hex            8%         N/A       41%         3
 Passwall                 Erth           8%         N/A       41%         3
 Sigil of Binding         Hex            8%         N/A       41%         3
 Stone Arrow              Conj/Erth      16%        3d8       41%         3
 Vampiric Draining        Necr           8%         2d6       41%         3
 Brom's Barrelling Bould  Conj/Erth      8%         2d3       82%         4
 Dimensional Bullseye     Hex/Tloc       4%         N/A       82%         4
 Summon Blazeheart Golem  Fire/Summ      8%         N/A       82%         4
 Conjure Ball Lightning   Conj/Air       4%         3x3d6     100%        6


Dungeon Overview and Level Annotations

Branches:
Dungeon (6/15)
 Temple: D:4-7

Altars:
Xom
The Shining One

Shops:
D:2 ?

Annotations:
D:3 1 runed translucent door, Crazy Yiuf


Innate Abilities, Weirdness & Mutations

You are a hulking beast.
Your limbs bulge with bestial killing power. (Slay +4)
You have very sharp teeth.
Your uncanny sense of smell can sniff out nearby items.
Your experience applies equally to all skills.


Message History

Found an escape hatch in the floor.
There is an open door here.
A jelly comes into view.
The steam dragon hisses angrily.
The steam dragon breathes steam at you. The ball of steam misses you.
You punch the steam dragon! Your bite misses the steam dragon.
The steam dragon is moderately wounded.
The steam dragon bites you. The steam dragon barely misses you.
You hit the steam dragon.
The steam dragon is heavily wounded.
The jelly is engulfed in a cloud of scalding steam.
The jelly barely misses you. The steam dragon bites you!
The steam dragon barely misses you.
You punch the steam dragon!
The steam dragon is severely wounded.
You are engulfed in a cloud of scalding steam.
You closely miss the steam dragon.
The steam dragon is severely wounded.
The steam dragon bites you but does no damage.
The steam dragon barely misses you. The jelly hits you.
You are splashed with acid!
You hit the steam dragon but do no damage.
The steam dragon is severely wounded.
The jelly hits you.
You are splashed with acid!
The steam dragon bites you. The steam dragon closely misses you.
You barely miss the steam dragon.
The steam dragon is severely wounded.
The jelly hits you.
You are splashed with acid!
* * * LOW HITPOINT WARNING * * *
The steam dragon bites you.
* * * LOW HITPOINT WARNING * * *
The steam dragon claws you.
* * * LOW HITPOINT WARNING * * *
You completely miss the steam dragon.
The steam dragon is severely wounded.
The jelly hits you but does no damage. The steam dragon breathes steam at you.
The ball of steam hits you!!
You die...

###################
#........#........#
#........#..>.....#
#........#........#
#........#........#
#........#....J...#
#.......)'...hD...#
#....[)<.#........#
######[####+########
#.............
#.............
#.............
##.............
...............
..........[.....


You could see a steam dragon (catching breath) and a jelly.

Vanquished Creatures
  Grinder (D:3)
  Edmund (D:5)
  Menkaure (D:5)
  An ogre (D:5)
  A phantom (D:5)
  3 scorpions (D:5)
  A bombardier beetle (D:4)
  4 orc priests
  4 hounds
  Terence (D:3)
  An iguana (D:5)
  An orc wizard (D:6)
  6 gnolls
  4 adders
  4 dart slugs
  2 ribbon worms (D:2)
  22 orcs
  6 ball pythons
  3 bats
  6 endoplasms
  6 giant cockroaches
  8 hobgoblins
  6 kobolds
  2 quokkas (D:1)
  7 goblins
  5 rats
107 creatures vanquished.

Notes
Turn   | Place    | Note
-------+----------+-------------------------------------------
     0 | D:1      | jlumianski the Gnoll Shapeshifter began the quest for the
                  | Orb.
     0 | D:1      | Reached XP level 1. HP: 17/17 MP: 1/1
   157 | D:1      | Reached XP level 2. HP: 23/23 MP: 2/2
   356 | D:1      | Found a faded altar of an unknown god.
   359 | D:1      | Reached XP level 3. HP: 26/28 MP: 3/3
   651 | D:2      | Reached skill level 1 in Invocations
   794 | D:1      | Reached skill level 1 in Short Blades
   794 | D:1      | Reached skill level 1 in Long Blades
   794 | D:1      | Reached skill level 1 in Axes
   794 | D:1      | Reached skill level 1 in Maces & Flails
   794 | D:1      | Reached skill level 1 in Polearms
   794 | D:1      | Reached skill level 1 in Staves
   794 | D:1      | Reached skill level 1 in Ranged Weapons
   794 | D:1      | Reached skill level 1 in Throwing
   794 | D:1      | Reached skill level 1 in Armour
   794 | D:1      | Reached skill level 1 in Stealth
   794 | D:1      | Reached skill level 1 in Shields
   794 | D:1      | Reached skill level 1 in Spellcasting
   794 | D:1      | Reached skill level 1 in Evocations
  1183 | D:3      | Noticed Terence
  1191 | D:3      | Killed Terence
  1192 | D:3      | Reached XP level 4. HP: 15/34 MP: 5/5
  1198 | D:3      | Found a shimmering altar of Xom.
  1213 | D:2      | Upgraded the game from 0.32-a0-20-ge526923d97 to
                  | 0.32-a0-22-g6ae6769602
  1246 | D:3      | Reached skill level 1 in Conjurations
  1246 | D:3      | Reached skill level 1 in Hexes
  1246 | D:3      | Reached skill level 1 in Summonings
  1246 | D:3      | Reached skill level 1 in Necromancy
  1246 | D:3      | Reached skill level 1 in Translocations
  1246 | D:3      | Reached skill level 1 in Fire Magic
  1246 | D:3      | Reached skill level 1 in Ice Magic
  1246 | D:3      | Reached skill level 1 in Air Magic
  1246 | D:3      | Reached skill level 1 in Earth Magic
  1246 | D:3      | Reached skill level 1 in Alchemy
  1561 | D:2      | Reached XP level 5. HP: 33/40 MP: 5/7
  1685 | D:2      | Found Ceudghyil's Magic Scroll Emporium.
  1695 | D:2      | Bought a scroll of identify for 26 gold pieces
  1695 | D:2      | Bought a scroll of identify for 26 gold pieces
  1695 | D:2      | Bought a scroll of identify for 26 gold pieces
  1695 | D:2      | Bought a scroll of identify for 26 gold pieces
  2108 | D:3      | Found a glowing golden altar of the Shining One.
  2156 | D:3      | Noticed Grinder
  2158 | D:3      | Paralysed by Grinder for 3 turns
  2172 | D:3      | Paralysed by Grinder for 3 turns
  2188 | D:3      | Paralysed by Grinder for 5 turns
  2223 | D:3      | Killed Grinder
  2224 | D:3      | Reached skill level 5 in Dodging
  2224 | D:3      | Reached XP level 6. HP: 32/47 MP: 7/9
  2877 | D:3      | Found a runed translucent door.
  2878 | D:3      | Noticed Crazy Yiuf
  3563 | D:3      | Reached XP level 7. HP: 37/51 MP: 10/10
  3644 | D:5      | Entered Level 5 of the Dungeon
  4761 | D:5      | Noticed Menkaure
  4768 | D:5      | Killed Menkaure
  4769 | D:5      | Reached XP level 8. HP: 29/60 MP: 12/12
  4903 | D:5      | Noticed Edmund
  4915 | D:5      | Killed Edmund
  5141 | D:5      | Got Nideta's Atlas of the Coruscating Mob
  5755 | D:6      | Killed from afar by a steam dragon

Illustrated notes

Levels and vault maps discovered:
D:1:      dpeg_arrival_short_road, layout_loops_ring, serial_forest,
          infiniplex_forest_clump_curved, infiniplex_forest_end_2,
          infiniplex_forest_straight_3, infiniplex_forest_lined_room_,
          infiniplex_forest_lined_3_way, infiniplex_forest_straight_4,
          infiniplex_forest_lined_room_2, infiniplex_forest_fountain,
          infiniplex_forest_corner_1, dilly_ecumenical_altar_fadedgnrine
D:2:      layout_basic, serial_shops, nicolae_lakefront_shop
D:3:      layout_loops_cross, mainiacjoe_overflow_small_starburst,
          xom_teletrap_fun, minmay_gold_behind_fungi, uniq_crazy_yiuf_cottage,
          uniq_grinder, uniq_terence
D:4:      layout_gridville
D:5:      layout_basic, amcnicky_altar_gilded, corexii_item_surrounded_by_moat,
          minmay_misc_feat_rugged, uniq_menkaure, uniq_edmund
D:6:      layout_gridville

Skill      XL: |  1  2  3  4  5  6  7 |
---------------+----------------------+-----
Invocations    | 1 2 3 |  3.9
Short Blades   | 1 2 3 |  3.5
Long Blades    | 1 2 3 |  3.5
Axes           | 1 2 3 |  3.5
Maces & Flails | 1 2 3 |  3.5
Polearms       | 1 2 3 |  3.5
Staves         | 1 2 3 |  3.5
Ranged Weapons | 1 2 3 |  3.5
Throwing       | 1 2 3 |  3.5
Armour         | 1 2 3 |  3.5
Stealth        | 1 2 3 |  3.5
Shields        | 1 2 3 |  3.5
Spellcasting   | 1 2 3 |  3.5
Evocations     | 1 2 3 |  3.5
Conjurations   | 1 2 |  2.9
Hexes          | 1 2 |  2.9
Summonings     | 1 2 |  2.9
Necromancy     | 1 2 |  2.9
Translocations | 1 2 |  2.9
Fire Magic     | 1 2 |  2.9
Ice Magic      | 1 2 |  2.9
Air Magic      | 1 2 |  2.9
Earth Magic    | 1 2 |  2.9
Alchemy        | 1 2 |  2.9
Fighting       | 3 4 |  4.4
Dodging        | 5 |  5.8
Unarmed Combat | 7 |  7.5
Shapeshifting  | 7 |  7.3

Action                     |  1- 3 |  4- 6 |  7- 9 || total
---------------------------+-------+-------+-------++-------
  Melee: Unarmed           |    62 |   115 |   146 ||   323
         Bite              |     4 |     8 |    11 ||    23
         Punch             |     2 |     4 |     6 ||    12
    Use: Scroll            |       |     7 |     1 ||     8
         Potion            |       |       |     2 ||     2
   Stab: Confused          |       |     1 |       ||     1
         Sleeping          |       |     1 |     2 ||     3
 Armour: Animal skin       |    13 |       |       ||    13
         Chain mail        |    26 |    22 |       ||    48
         Skin              |       |    11 |       ||    11
         Ring mail         |       |    38 |   108 ||   146
  Dodge: Dodged            |    24 |    63 |    89 ||   176

Table legend: (Time is in decaauts)
 A = Elapsed time spent in this place.
 B = Non-inter-level travel time spent in this place.
 C = Inter-level travel time spent in this place.
 D = Time resting spent in this place.
 E = Time spent auto-exploring this place.
 F = Levels seen in this place.
 G = Mean time per level.
                   A        B        C        D        E       F      G
               +--------+--------+--------+--------+--------+-----+--------+
         Total |   5735 |   5555 |    180 |    876 |   2894 |   6 |  955.8 |
       Dungeon |   5735 |   5555 |    180 |    876 |   2894 |   6 |  955.8 |
               +--------+--------+--------+--------+--------+-----+--------+

Top non-repeatable levels by time:
     D:3: 1727 daAuts
     D:5: 1052 daAuts
     D:1: 1000 daAuts
     D:2: 922 daAuts
     D:4: 862 daAuts
     D:6: 170 daAuts
